 Dungeon Crawl Stone Soup version 0.31.0-2-g5a2aebc5c2 (webtiles) character file.

Game seed: 11943664064693297966

41 Cheops the Shield-Bearer (level 3, 0/29 HPs)
             Began as a Formicid Fighter on Jan 20, 2024.
             Slain by an orc
             ... wielding a +2 hand axe of flaming
              (2 damage)
             ... on level 3 of the Dungeon.
             The game lasted 00:02:21 (734 turns).

Cheops the Shield-Bearer (Formicid Fighter)          Turns: 734, Time: 00:02:22

Health: 0/29       AC:  6    Str: 22    XL:     3   Next: 75%
Magic:  3/3        EV:  9    Int:  7    God:
Gold:   85         SH:  5    Dex: 13    Spells: 2/2 levels left

rFire   . . .        a - +0 trident
rCold   . . .        c - +0 buckler
rNeg    . . .        b - +0 scale mail
rPois   .            (helmet unavailable)
rElec   .            (no cloak)
rCorr   .            (no gloves)
SInv    +            (no boots)
Will    .....        (no amulet) Stlth
                     (no ring)
HPRegen 0.24/turn    (no ring)
MPRegen 0.08/turn

%: no passive effects
@: no status effects
A: permanent stasis, dig shafts and tunnels, antennae 3, four strong arms
a: Dig, Shaft Self


You were on level 3 of the Dungeon.
You visited 1 branch of the dungeon, and saw 3 of its levels.

You collected 85 gold pieces.

Inventory:

Hand Weapons
 a - a +0 trident (weapon)
Armour
 b - a +0 scale mail (worn)
 c - a +0 buckler (worn)
Scrolls
 f - 2 scrolls of identify {unknown}
 g - 2 scrolls of teleportation {unknown}
 h - 2 scrolls of fear {unknown}
 i - a scroll of enchant armour {unknown}
Potions
 d - a potion of might
 e - 2 potions of curing {unknown}


   Skills:
 - Level 3.2 Fighting
 + Level 3.8 Polearms
 - Level 3.2 Armour
 - Level 4.0 Shields


You had 2 spell levels left.
You didn't know any spells.
Your spell library contained the following spells:

 Spells                   Type           Power      Damage    Failure   Level
 Arcjolt                  Conj/Air       0%         1d10      100%        5
 Maxwell's Capacitive Co  Air            0%         ∞         100%        8
 Vhi's Electric Charge    Tloc/Air       Unusable   N/A       N/A         4

Dungeon Overview and Level Annotations

Branches:
Dungeon (2/15)

Altars:

Annotations:
D:2 Sigmund


Innate Abilities, Weirdness & Mutations

You cannot be hasted, slowed, berserked, paralysed or teleported.
You can dig through walls and to a lower floor.
You have a pair of large antennae on your head. (SInv)
Your four strong arms can wield two-handed weapons with a shield.


Message History

There are monsters nearby!
You swing at nothing.
The orc shouts!
An orc comes into view. It is wielding a +0 whip.
An orc comes into view. It is wielding a +0 trident.
You swing at nothing.
The orc shouts! x2
You swing at nothing.
You swing at nothing.
You swing at nothing.
A rat comes into view.
You closely miss the orc.
The rat squeaks loudly.
The orc hits you with a +0 club. x2
You hit the orc.
The orc is severely wounded.
The orc hits you with a +0 club.
You barely miss the orc.
The orc is severely wounded.
The rat twitches its whiskers.
The orc hits you but does no damage.
You hit the orc.
You kill the orc!
You closely miss the orc.
The orc hits you with a +2 hand axe of flaming.
* * * LOW HITPOINT WARNING * * *
The orc burns you.
* * * LOW HITPOINT WARNING * * *
Unknown command.
Unknown command.
You hit the orc but do no damage. The orc barely misses you.
You block the orc's attack.
You hit the orc.
The orc is moderately wounded.
The orc hits you from afar with a +0 trident!
* * * LOW HITPOINT WARNING * * *
The orc hits you with a +2 hand axe of flaming.
* * * LOW HITPOINT WARNING * * *
The orc burns you.
You die... ####### ....... ....... .... ....... ...... r...... ...... oo.....

......#########oo.....
..............@#
..............#
..............#
####.........#
#........(#
####.........#
#............#
#####.##.....)...+
...##.##.........#


You could see 4 orcs and a rat.

Vanquished Creatures
  An adder (D:2)
  A dart slug (D:1)
  An orc (D:3)
  4 bats
  5 goblins
  4 quokkas (D:1)
  4 ball pythons
  A frilled lizard (D:1)
  6 kobolds (D:1)
  A rat (D:1)
28 creatures vanquished.

Notes
Turn   | Place    | Note
-------+----------+-------------------------------------------
     0 | D:1      | Cheops the Formicid Fighter began the quest for the Orb.
     0 | D:1      | Reached XP level 1. HP: 18/18 MP: 1/1
   132 | D:1      | Reached XP level 2. HP: 24/24 MP: 2/2
   328 | D:1      | Reached XP level 3. HP: 29/29 MP: 3/3
   514 | D:2      | Noticed Sigmund
   645 | D:2      | You fall into a shaft and drop 1 floor!
   734 | D:3      | Slain by an orc

Illustrated notes

Levels and vault maps discovered:
D:1:      scummos_arrival_hexagon, layout_rooms, st_stairs_5,
          hangedman_decor_lopped, serial_bayou_pond_c
D:2:      layout_rooms, serial_glass, glass_columns_a, glass_columns_c,
          corner_web_ring, minmay_shallow_snake_nest, uniq_jessica, uniq_sigmund
D:3:      layout_basic, gammafunk_temple_overflow_pools

Skill      XL: |  1  2 |
---------------+-------+-----
Polearms       | 3 |  3.8
Fighting       | |  3.2
Armour         | |  3.2
Shields        | |  4.0

Action                     || total
---------------------------++-------
  Melee: Trident           ||    78
Ability: Shaft Self        ||     1
 Armour: Scale mail        ||    44
  Dodge: Dodged            ||    22
  Block: Buckler           ||    15
